[Event "Late-Titled-Tuesday-Blitz-October-24-2023"]
[Site "Chess.com"]
[Date "2023.10.24"]
[Round "5"]
[White "Lion-Al-Messi"]
[Black "topin8"]
[Result "1/2-1/2"]
[WhiteElo "2653"]
[BlackElo "2458"]
[TimeControl "180+1"]
[EndTime "14:54:30 PDT"]
[Termination "Game drawn - insufficient material"]

1. e4 e5 2. Nf3 Nc6 3. Bb5 Nf6 4.
O-O Nxe4 5. d4 Nd6 6. Bxc6 dxc6 7. dxe5 Nf5 8. Qxd8+ Kxd8 9. Nc3 h5 10. Bg5+ Ke8 11.
Rad1 Be6 12. Rd2 Be7 13. Bxe7 Kxe7 14. Ng5 Rad8 15. Rfd1 Rxd2 16. Rxd2 f6 17. exf6+ gxf6 18. Nxe6 Kxe6 19. g3 Re8 20. Ne4 Kf7 21. Rd7+ Re7 22.
Rxe7+ Kxe7 23. Nc5 b6 24. Nd3 Kd6 25. h4 Nd4 26. c3 Ne6 27. Kg2 f5 28. Kf3 c5 29.
Nf4 Ng7 30. Ke3 b5 31. Nd3 Ne6 32. b3 a5 33. a4 c4 34. bxc4 bxa4 35. Kd2 Nc5 36. Nf4 Ne4+ 37. Kc2 Nxf2 38. Nxh5 Ne4 39. Kb2 Kc5 40. Ng7 Nxg3 41. h5 Nxh5 42. Nxh5 Kxc4 43.
Nf4 a3+ 44. Kxa3 Kxc3 45. Nd5+ Kc4 46. Ne3+ Kd3 47. Nxf5 c5 48. Nd6 c4 49. Nxc4 Kxc4 50.
Ka4 Kc3 51. Kxa5 1/2-1/2

[Event "Late-Titled-Tuesday-Blitz-October-24-2023"]
[Site "Chess.com"]
[Date "2023.10.24"]
[Round "5"]
[White "Arash_Tahbaz"]
[Black "Karttunen"]
[Result "1-0"]
[WhiteElo "2881"]
[BlackElo "2589"]
[TimeControl "180+1"]
[EndTime "14:54:31 PDT"]
[Termination "Arash_Tahbaz won by resignation"]

1. Nf3 Nf6 2. g3 d5 3. Bg2 e6 4. O-O c5 5. d3 Nc6 6. Nbd2 Be7 7. e4 O-O 8. Re1 b5 9. e5 Nd7 10. Nf1 a5 11. h4 b4 12. N1h2 a4 13. a3 bxa3 14.
bxa3 Nd4 15. Nxd4 cxd4 16. Nf3 Qb6 17. h5 h6 18. Bf4 Kh7 19. Qd2 Rg8 20. g4 g5 21. Bg3 Ba6 22. Reb1 Qc5 23. Rb4 Qc3 24. Qxc3 dxc3 25. Rxa4 Nc5 26. Rb4 Nxd3 27. cxd3 Bxb4 28. axb4 Bxd3 29. Rc1 Rgc8 30. Bf1 Bxf1 31. Kxf1 Ra3 32. Nd4 Rc4 33. Nc2 Rb3 34. f3 Rb2 35. Bf2 d4 36. Ke2 Rcxb4 37. Kd3 Ra4 38. Bxd4 Rb5 39. Bxc3 Rd5+ 40.
Bd4 Ra8 41. Ne3 Rd7 42. Rc4 Ra3+ 43. Ke4 Ra1 44. Bxa1 1-0

[Event "Late-Titled-Tuesday-Blitz-October-24-2023"]
[Site "Chess.com"]
[Date "2023.10.24"]
[Round "5"]
[White "dimitrisl"]
[Black "victormago"]
[Result "1-0"]
[WhiteElo "2603"]
[BlackElo "2417"]
[TimeControl "180+1"]
[EndTime "14:54:31 PDT"]
[Termination "dimitrisl won by checkmate"]

1. d4 Nf6 2. Nf3 c5 3. c3 e6 4. Bf4 d5 5. Nbd2 Nc6 6. e3 Bd6 7.
Bg3 O-O 8. Bd3 Qe7 9. Ne5 Nd7 10. f4 f6 11. Bh4 Qe8 12. Nxd7 Bxd7 13. O-O e5 14. Qc2 g6 15. fxe5 fxe5 16. Bg3 c4 17.
Be2 Qe7 18. Bf3 e4 19. Bxd6 Qxd6 20. Be2 b5 21. a3 a5 22. Rxf8+ Rxf8 23. Rf1 Rxf1+ 24.
Nxf1 b4 25. axb4 axb4 26. Qa4 Kg7 27. Qa8 b3 28. Qb7 Ne7 29. Ng3 Qc6 30. Qb4 Nf5 31.
Nxf5+ gxf5 32. Qe7+ Kh6 33. h4 Qe6 34. Qg5# 1-0

[Event "Late-Titled-Tuesday-Blitz-October-24-2023"]
[Site "Chess.com"]
[Date "2023.10.24"]
[Round "5"]
[White "FM_Kappeler"]
[Black "ArturoCaceres"]
[Result "0-1"]
[WhiteElo "2287"]
[BlackElo "2487"]
[TimeControl "180+1"]
[EndTime "14:54:36 PDT"]
[Termination "ArturoCaceres won by checkmate"]

1. d4 b6 2. e4 Bb7 3. Bd3 d6 4.
Nf3 e6 5. O-O Nd7 6. Re1 Ne7 7.
c4 g6 8. Nc3 Bg7 9. d5 e5 10.
Bd2 O-O 11. b4 a5 12. a3 f5 13. Ng5 Qc8 14. Ne6 Rf7 15. Nb5 fxe4 16. Bxe4 Ba6 17. Nexc7 Bxb5 18. Nxb5 Qb8 19. Qg4 Nf6 20. Qe2 Nxe4 21.
Qxe4 Nf5 22. Rac1 axb4 23. axb4 Ra2 24. Rc2 Qa8 25. Rxa2 Qxa2 26. Be3 Qb3 27. Bxb6 Qxb4 28. Be3 Qxe1# 0-1

[Event "Late-Titled-Tuesday-Blitz-October-24-2023"]
[Site "Chess.com"]
[Date "2023.10.24"]
[Round "5"]
[White "Fradi82"]
[Black "ValeriyGrinev"]
[Result "0-1"]
[WhiteElo "2347"]
[BlackElo "2605"]
[TimeControl "180+1"]
[EndTime "14:54:37 PDT"]
[Termination "ValeriyGrinev won by resignation"]

1. e4 e5 2. Nf3 Nc6 3. Bc4 Bc5 4. d3 Nf6 5. Bg5 h6 6. Bh4 d6 7. c3 a6 8. Bb3 Ba7 9. Nbd2 Qe7 10. Qe2 Be6 11. Bc2 g5 12. Bg3 O-O-O 13. b4 h5 14. h4 Bg4 15. hxg5 Nh7 16. Bh4 Nf8 17. a4 Ng6 18. b5 Nb8 19. Bg3 h4 20. Bh2 h3 21.
gxh3 Rxh3 22. bxa6 Nxa6 23. Rb1 Nh4 24. Nxh4 Bxe2 25.
Nf5 Qxg5 26. Kxe2 Qh5+ 27. f3 Rxh2+ 28. Rxh2 Qxh2+ 29. Kd1 Qh1+ 30. Ke2 Qg2+ 31. Kd1 Qg1+ 32. Ke2 Qf2+ 33. Kd1 Rh8 34. Ne7+ Kd7 35. Bb3 Be3 36.
Rb2 Rh1+ 0-1

[Event "Late-Titled-Tuesday-Blitz-October-24-2023"]
[Site "Chess.com"]
[Date "2023.10.24"]
[Round "5"]
[White "R2D2PTY"]
[Black "dianamirza"]
[Result "1-0"]
[WhiteElo "2283"]
[BlackElo "2000"]
[TimeControl "180+1"]
[EndTime "14:54:37 PDT"]
[Termination "R2D2PTY won by resignation"]

1. e4 c5 2. Nc3 e6 3. d4 cxd4 4. Qxd4 Nc6 5. Qe3 Nf6 6. Nf3 Bb4 7. Bd2 O-O 8. e5 Bxc3 9. Bxc3 Nd5 10. Qd2 Nxc3 11. Qxc3 Qa5 12. Qxa5 Nxa5 13. O-O-O f6 14. Bb5 fxe5 15. Bxd7 e4 16. Ng5 Rxf2 17. Bb5 Nc6 18. Nxe4 Rf4 19. Ng5 h6 20. Bxc6 hxg5 21. Rd8+ Kf7 22.
Bd7 Rd4 23. Rxc8 Rxc8 24. Bxc8 Rb4 25. Re1 Rg4 26. Bxe6+ 1-0

[Event "Late-Titled-Tuesday-Blitz-October-24-2023"]
[Site "Chess.com"]
[Date "2023.10.24"]
[Round "5"]
[White "akanga001"]
[Black "ejalmedina"]
[Result "0-1"]
[WhiteElo "2034"]
[BlackElo "2315"]
[TimeControl "180+1"]
[EndTime "14:54:37 PDT"]
[Termination "ejalmedina won on time"]

1. d4 Nf6 2. c4 d6 3. Nc3 e5 4. g3 exd4 5. Qxd4 Nc6 6. Qd3 g6 7. Bg2 Bg7 8. e4 O-O 9. Nge2 Ne5 10. Qd4 Bh3 11. O-O Bxg2 12. Kxg2 c5 13. Qe3 Nxc4 14. Qd3 Ne5 15. Qb5 Qc8 16. f4 Nc6 17. h3 Re8 18. Qd3 Qe6 19. Rd1 Rad8 20. Be3 Nxe4 21.
Nd5 Nf6 22. Nec3 Nb4 0-1

[Event "Late-Titled-Tuesday-Blitz-October-24-2023"]
[Site "Chess.com"]
[Date "2023.10.24"]
[Round "5"]
[White "IlanSchnaider"]
[Black "OPQRC"]
[Result "1-0"]
[WhiteElo "2773"]
[BlackElo "2588"]
[TimeControl "180+1"]
[EndTime "14:54:38 PDT"]
[Termination "IlanSchnaider won by resignation"]

1. e4 c5 2. Nf3 Nc6 3. d4 cxd4 4.
Nxd4 Nf6 5. Nc3 e5 6. Ndb5 d6 7. Bg5 a6 8. Na3 b5 9. Nd5 Be7 10. Bxf6 Bxf6 11. c3 Ne7 12. Nxf6+ gxf6 13. Nc2 Bb7 14.
Bd3 d5 15. exd5 Qxd5 16. Ne3 Qe6 17. Qc2 O-O-O 18. Be4 Kb8 19. Bxb7 Kxb7 20. Qe4+ Ka7 21. Qb4 Nd5 22. Nxd5 Qxd5 23. O-O Qd6 24. Qe4 Qd5 25. Qh4 Qe6 26. a4 Rb8 27. Rfd1 Rhd8 28. Rxd8 Rxd8 29. axb5 Qa2 30. b6+ Kb7 31. Re1 Qxb2 32.
Qxf6 Rd7 33. h3 Qxc3 34. Rxe5 a5 35. Qf5 Rd1+ 36. Kh2 Re1 37. Qd7+ Kxb6 38. Qd6+ Kb7 39. Qe7+ Kc6 40. Rxe1 Qxe1 41. Qxe1 1-0

[Event "Late-Titled-Tuesday-Blitz-October-24-2023"]
[Site "Chess.com"]
[Date "2023.10.24"]
[Round "5"]
[White "Korchmar_Vasiliy"]
[Black "MaxLeto"]
[Result "1-0"]
[WhiteElo "2780"]
[BlackElo "2561"]
[TimeControl "180+1"]
[EndTime "14:54:39 PDT"]
[Termination "Korchmar_Vasiliy won on time"]

1. e4 c5 2. d4 cxd4 3. Qxd4 Nc6 4. Qd3 Nf6 5. Nc3 g6 6. Nf3 Bg7 7. Be2 O-O 8. O-O d5 9. Nxd5 Nxd5 10. exd5 Nb4 11.
Qb3 a5 12. a3 Na6 13. Be3 Qc7 14. c3 Nc5 15. Qc4 b6 16. Qh4 Bf5 17. Bh6 Bf6 18.
Bg5 Qd6 19. Rad1 Rfe8 20. Nd4 Bd7 21. Bf3 Rad8 22. Rfe1 a4 23. h3 1-0

[Event "Late-Titled-Tuesday-Blitz-October-24-2023"]
[Site "Chess.com"]
[Date "2023.10.24"]
[Round "5"]
[White "rikchessmx"]
[Black "Chessdreamer2020"]
[Result "0-1"]
[WhiteElo "2273"]
[BlackElo "2484"]
[TimeControl "180+1"]
[EndTime "14:54:39 PDT"]
[Termination "Chessdreamer2020 won by checkmate"]

1. e4 c5 2. Nf3 Nc6 3. d4 cxd4 4. Nxd4 Nf6 5. Nc3 e5 6. Ndb5 d6 7. a4 a6 8. Na3 Bg4 9. f3 Be6 10. Be3 d5 11. exd5 Nxd5 12. Nxd5 Bxd5 13. Nc4 Bxc4 14. Qxd8+ Rxd8 15. Bxc4 Nd4 16. Bd3 Bc5 17. Kf2 Nxc2 18.
Bxc5 Nxa1 19. Be4 Nb3 20. Ba3 Rd7 21. Re1 f6 22. Bf5 Rd2+ 23. Kg3 Kf7 24. Re3 Nd4 25. Be4 Ne2+ 26. Kh4 Nf4 27. Rc3 Nxg2+ 28. Kg3 Ke6 29. Rb3 b5 30. axb5 Nf4 31. Bc6 Rg2+ 32. Kh4 g5# 0-1

[Event "Late-Titled-Tuesday-Blitz-October-24-2023"]
[Site "Chess.com"]
[Date "2023.10.24"]
[Round "5"]
[White "Krakozia"]
[Black "HamedWafa4"]
[Result "1-0"]
[WhiteElo "2930"]
[BlackElo "2599"]
[TimeControl "180+1"]
[EndTime "14:54:44 PDT"]
[Termination "Krakozia won by resignation"]

1. c4 e5 2. d3 Bb4+ 3. Nd2 a5 4. Nf3 Nc6 5. g3 Nf6 6. Bg2 O-O 7. O-O a4 8. a3 Be7 9. Nb1 d5 10. cxd5 Nxd5 11.
Nc3 Nxc3 12. bxc3 Be6 13. Nd2 Bd5 14. Rb1 Bxg2 15. Kxg2 b6 16. Bb2 Bc5 17. Qc2 f5 18. e3 Bd6 19. d4 Qe8 20. c4 e4 21. Rbe1 Kh8 22. f3 exf3+ 23. Nxf3 Qe7 24. Nh4 Qe4+ 25.
Qxe4 fxe4 26. Nf5 Kg8 27. d5 Ne5 28. Nxd6 cxd6 29. Bxe5 dxe5 30. Rb1 Rxf1 31. Kxf1 Rc8 32. Rb4 Kf7 33. Rxa4 Ke7 34. Rb4 Rb8 35. c5 1-0

[Event "Late-Titled-Tuesday-Blitz-October-24-2023"]
[Site "Chess.com"]
[Date "2023.10.24"]
[Round "5"]
[White "ExchangeAB"]
[Black "lluiss"]
[Result "0-1"]
[WhiteElo "2503"]
[BlackElo "2222"]
[TimeControl "180+1"]
[EndTime "14:54:44 PDT"]
[Termination "lluiss won by resignation"]

1. d4 Nf6 2. Nc3 d5 3. Bf4 g6 4. e3 Bg7 5. h4 h5 6. Nf3 O-O 7. Ne5 c5 8. Qd2 Nc6 9. Be2 Bf5 10. a3 cxd4 11. exd4 Qb6 12. Nxc6 Qxc6 13. f3 Qd7 14. O-O Rac8 15. Bb5 Qd8 16. Rfe1 a6 17. Bd3 Bxd3 18.
Qxd3 e6 19. Na4 Nd7 20. Bg5 Qc7 21. Re2 Qc4 22. Nc5 Qxd3 23. Nxd3 Bxd4+ 24. Kf1 Bg7 25. c3 b5 26. g4 hxg4 27. fxg4 e5 28. Kg2 f6 29.
Be3 f5 30. gxf5 gxf5 31. Nb4 f4 32. Nxd5 f3+ 33. Kg3 fxe2 34. Ne7+ Kh7 35. Nxc8 Rf1 0-1

[Event "Late-Titled-Tuesday-Blitz-October-24-2023"]
[Site "Chess.com"]
[Date "2023.10.24"]
[Round "5"]
[White "YellowJacek"]
[Black "venturov"]
[Result "1-0"]
[WhiteElo "2311"]
[BlackElo "2496"]
[TimeControl "180+1"]
[EndTime "14:54:48 PDT"]
[Termination "YellowJacek won by checkmate"]

1. c4 g6 2. g3 Bg7 3. Bg2 e5 4. Nc3 Ne7 5. e4 O-O 6. Nge2 d6 7.
O-O c6 8. b3 Be6 9. d4 exd4 10.
Nxd4 c5 11. Nde2 a6 12. Rb1 Nbc6 13. Bf4 Nd4 14. Nxd4 cxd4 15. Ne2 Nc6 16. Qd2 Re8 17. f3 Rc8 18. g4 b5 19. cxb5 axb5 20. Bg3 d5 21.
exd5 Bxd5 22. Nf4 Ne5 23. Nxd5 Qxd5 24. f4 Qc5 25. fxe5 Bxe5 26. Bxe5 Rxe5 27. Rbc1 Qf8 28. Rxc8 Qxc8 29. Qxd4 Re2 30. Bd5 Re7 31. a4 bxa4 32.
bxa4 Qc7 33. Bxf7+ Rxf7 34. Qd5 Qb6+ 35. Kh1 Kg7 36. Qxf7+ Kh6 37. Qf4+ Kg7 38. Qf8# 1-0

[Event "Late-Titled-Tuesday-Blitz-October-24-2023"]
[Site "Chess.com"]
[Date "2023.10.24"]
[Round "5"]
[White "SlippperyWhenWet"]
[Black "weakandslowchess"]
[Result "1-0"]
[WhiteElo "2350"]
[BlackElo "2030"]
[TimeControl "180+1"]
[EndTime "14:54:54 PDT"]
[Termination "SlippperyWhenWet won by resignation"]

1. g3 Nf6 2. Bg2 g6 3. b3 Bg7 4. Bb2 d5 5. d3 O-O 6. e3 c5 7. Ne2 Nc6 8. Nd2 e5 9. O-O Be6 10. h3 Qd7 11. Kh2 Nh5 12. a3 f5 13.
c4 d4 14. exd4 cxd4 15. b4 e4 16. Nc1 e3 17. Nf3 exf2 18. Rxf2 Qd6 19. Ne2 Ne5 20. Nfxd4 Bf7 21. c5 Qb8 22. Nf4 Nxf4 23. gxf4 Nc6 24. Nxc6 bxc6 25. Bxg7 Kxg7 26. Qd2 Rd8 27. Qc3+ Kg8 28.
Re1 Re8 29. Bxc6 Rxe1 30. Qxe1 g5 31. Bxa8 Qxa8 32. Qe7 Qb8 33. Qxg5+ Kh8 34. Qf6+ Kg8 35. Rg2+ Bg6 36. Rxg6+ hxg6 37. Qxg6+ Kh8 38. Qf6+ Kg8 39. Qe6+ Kh8 40. Qe5+ 1-0

[Event "Late-Titled-Tuesday-Blitz-October-24-2023"]
[Site "Chess.com"]
[Date "2023.10.24"]
[Round "5"]
[White "dedpihto_v_kozhanom_palto"]
[Black "TigrVShlyape"]
[Result "0-1"]
[WhiteElo "2636"]
[BlackElo "2840"]
[TimeControl "180+1"]
[EndTime "14:54:55 PDT"]
[Termination "TigrVShlyape won by resignation"]

1. c4 e5 2. Nc3 Nc6 3. Nf3 Nf6 4. e3 g6 5. d4 d6 6. Be2 Bg7 7. O-O O-O 8. b3 e4 9. Nd2 Re8 10. Bb2 d5 11. cxd5 Nb4 12. Rc1 Nbxd5 13. Nxd5 Nxd5 14.
Nc4 Qg5 15. Kh1 h5 16. Ne5 c6 17. Bc4 Be6 18. Qe2 f6 19. Bxd5 cxd5 20. f4 Qf5 21. h3 fxe5 22. dxe5 Rec8 23. Bd4 b6 24. Qa6 Qf7 25. a4 Bf8 26. a5 bxa5 27. Qxa5 Qb7 28. Qa2 h4 29. Qf2 Be7 30. f5 Bxf5 31.
e6 Rxc1 32. Rxc1 Rc8 33. Ra1 Bc5 34. Be5 Qe7 35. Qf4 Qxe6 36. Bb2 d4 37. exd4 Bd6 38. Qxh4 Qe7 39. Qh6 Rc2 40. Rb1 e3 41. d5 Rxb2 42.
Rxb2 e2 43. Rxe2 0-1

[Event "Late-Titled-Tuesday-Blitz-October-24-2023"]
[Site "Chess.com"]
[Date "2023.10.24"]
[Round "5"]
[White "IMRosen"]
[Black "twitchTriniCupid"]
[Result "1-0"]
[WhiteElo "2621"]
[BlackElo "2338"]
[TimeControl "180+1"]
[EndTime "14:54:56 PDT"]
[Termination "IMRosen won on time"]

1. e4 c6 2. d4 d5 3. Nc3 dxe4 4. Nxe4 Bf5 5. Ng3 Bg6 6. h4 h6 7. Nf3 Nd7 8. Bd3 Bxd3 9. Qxd3 e6 10. Bf4 Qa5+ 11.
Bd2 Bb4 12. Ne4 Ngf6 13. Nd6+ Ke7 14. Nc4 Qb5 15. O-O-O Bxd2+ 16. Nfxd2 a5 17. f3 Rhd8 18. g4 c5 19. g5 hxg5 20. hxg5 Nd5 21. Rde1 cxd4 22.
Qxd4 Qc5 23. Rxe6+ Kxe6 24. Re1+ Ne3 25. Rxe3+ Kf5 26.
Qd3+ Kf4 27. Ne4 1-0

[Event "Late-Titled-Tuesday-Blitz-October-24-2023"]
[Site "Chess.com"]
[Date "2023.10.24"]
[Round "5"]
[White "Haykoooo0o"]
[Black "nitpicker"]
[Result "1-0"]
[WhiteElo "2444"]
[BlackElo "2247"]
[TimeControl "180+1"]
[EndTime "14:54:59 PDT"]
[Termination "Haykoooo0o won on time"]

1. d4 Nf6 2. Nf3 b6 3. Bf4 Bb7 4. e3 e6 5. Nbd2 d6 6. h3 Nbd7 7. c3 Qe7 8. Bh2 g6 9. Be2 Bg7 10. O-O O-O 11. Rc1 e5 12. Nc4 e4 13. Nfd2 h5 14. Re1 Rfe8 15. Na3 Nf8 16. c4 Rad8 17. Nb5 a6 18. Nc3 N8h7 19. Qc2 g5 20. Nd5 Qd7 21.
a3 g4 22. hxg4 hxg4 23. Nxf6+ Nxf6 24. Bf4 Qf5 25. g3 Nh7 26. Qd1 Bc8 27. Bf1 Ng5 28. Bxg5 Qxg5 29. Bg2 f5 30. Qc2 Kh7 31. b4 Rh8 32. c5 bxc5 33. bxc5 a5 34. Qc4 Qh5 35. Rb1 Kg6 36. Kf1 dxc5 37. Qxc5 Ba6+ 38. Nc4 Rb8 39. Qc6+ Kh7 40. Qxa6 f4 41. Bxe4+ Kg8 42. Qe6+ 1-0

[Event "Late-Titled-Tuesday-Blitz-October-24-2023"]
[Site "Chess.com"]
[Date "2023.10.24"]
[Round "5"]
[White "szachmistrz2500"]
[Black "BasilSmash"]
[Result "0-1"]
[WhiteElo "2421"]
[BlackElo "2621"]
[TimeControl "180+1"]
[EndTime "14:55:00 PDT"]
[Termination "BasilSmash won by resignation"]

1. Nf3 c5 2. g3 g6 3. Bg2 Bg7 4.
O-O Nc6 5. e4 d6 6. c3 e5 7. a3 Nge7 8. b4 O-O 9. b5 Na5 10.
d4 cxd4 11. cxd4 exd4 12. Nxd4 b6 13. Bb2 Bb7 14. Nd2 Rc8 15. Rc1 Qd7 16. Qe2 Rc5 17. N2b3 Nxb3 18. Nxb3 Qxb5 19. Qxb5 Rxb5 20. Bxg7 Kxg7 21.
Nd4 Rc5 22. e5 Bxg2 23. Kxg2 Rxc1 24. Rxc1 dxe5 25. Nb5 Rc8 26. Rd1 a6 27. Nd6 Rc6 28. Ne8+ Kf8 29. Rd8 Rc8 30. Rxc8 Nxc8 31. Nf6 Kg7 32. Nd7 f6 33. Kf3 Kf7 34. Ke4 Ke7 35.
Nb8 Kd6 36. Nxa6 f5+ 37. Kd3 Na7 38. a4 g5 39. Nb4 Nc6 40. Nc2 Kc5 41. Kc3 f4 42.
gxf4 gxf4 43. Ne1 e4 44. Ng2 f3 45. Ne3 Ne5 46. Ng4 Nxg4 0-1

[Event "Late-Titled-Tuesday-Blitz-October-24-2023"]
[Site "Chess.com"]
[Date "2023.10.24"]
[Round "5"]
[White "Kombinator01"]
[Black "Nekoo04"]
[Result "0-1"]
[WhiteElo "2413"]
[BlackElo "2258"]
[TimeControl "180+1"]
[EndTime "14:55:02 PDT"]
[Termination "Nekoo04 won by resignation"]

1. e4 c5 2. Nf3 d6 3. d4 cxd4 4. Nxd4 Nf6 5. f3 g6 6. Nc3 Bg7 7. Be3 Nc6 8. Bc4 O-O 9. Qd2 Bd7 10. O-O-O Rb8 11. h4 Na5 12. Bd3 b5 13. Ndxb5 Bxb5 14. Nxb5 a6 15. Nd4 Qc7 16. Nb3 Nxb3+ 17. axb3 a5 18.
Bh6 Rxb3 19. Bxg7 Kxg7 20. h5 Rfb8 21. hxg6 fxg6 22. Qh6+ Kf7 23. Qf4 Rxb2 24. Rxh7+ Kg8 25. Rh6 Qc3 26. Rxg6+ Kf7 0-1

[Event "Late-Titled-Tuesday-Blitz-October-24-2023"]
[Site "Chess.com"]
[Date "2023.10.24"]
[Round "5"]
[White "Mikhail_Golubev"]
[Black "acertijo08"]
[Result "1-0"]
[WhiteElo "2557"]
[BlackElo "2357"]
[TimeControl "180+1"]
[EndTime "14:55:03 PDT"]
[Termination "Mikhail_Golubev won by resignation"]

1. e4 c5 2. Nf3 d6 3. d4 cxd4 4. Nxd4 Nf6 5. Nc3 a6 6. Bc4 e6 7.
O-O b5 8. Bb3 Be7 9. f4 Qc7 10.
f5 b4 11. fxe6 fxe6 12. Na4 d5 13. exd5 exd5 14. Bxd5 Ra7 15. Bf4 Bd6 16. Re1+ Kf8 17. Bxd6+ Qxd6 18. Ne6+ Bxe6 19. Rxe6 Qd8 20. Bb3 Rd7 21.
Qf3 h5 22. Rae1 Rh6 23. Nc5 Rd6 24. Rxd6 Qxd6 25. Ne6+ Kg8 26. Ng5+ Kf8 27. Qb7 1-0

[Event "Late-Titled-Tuesday-Blitz-October-24-2023"]
[Site "Chess.com"]
[Date "2023.10.24"]
[Round "5"]
[White "baag"]
[Black "Kirill_Klukin"]
[Result "1-0"]
[WhiteElo "2860"]
[BlackElo "2637"]
[TimeControl "180+1"]
[EndTime "14:55:05 PDT"]
[Termination "baag won by resignation"]

1. d4 f5 2. g3 e6 3. Bg2 Nf6 4. Nf3 d5 5. O-O Bd6 6. c4 c6 7. Qc2 O-O 8. Nc3 Qe7 9. Rb1 b6 10. Ne5 Bb7 11. cxd5 cxd5 12. Nb5 Rc8 13. Qb3 Nc6 14.
Nxd6 Qxd6 15. Qe3 Nd7 16. Nd3 Na5 17. Nf4 Nf8 18. b3 Rc2 19. Rb2 Rac8 20. Rxc2 Rxc2 21. Qd3 Qc7 22. Ba3 Bc8 23. Nxd5 exd5 24. Bxd5+ Kh8 25. Bxf8 Rxa2 26. b4 Ra4 27. bxa5 Qd8 28. Bb3 Rxd4 29. Qc3 bxa5 30. Bxg7+ Kxg7 31. Rd1 1-0

[Event "Late-Titled-Tuesday-Blitz-October-24-2023"]
[Site "Chess.com"]
[Date "2023.10.24"]
[Round "5"]
[White "esskeettit"]
[Black "gahryman"]
[Result "0-1"]
[WhiteElo "2489"]
[BlackElo "2682"]
[TimeControl "180+1"]
[EndTime "14:55:05 PDT"]
[Termination "gahryman won by resignation"]

1. d4 Nf6 2. c4 e6 3. Nc3 d5 4. cxd5 exd5 5. Bg5 c6 6. e3 Bd6 7. Bd3 O-O 8. Nge2 Re8 9. h3 a5 10. O-O Na6 11. a3 Nc7 12. Qc2 h6 13. Bh4 Ne6 14. Rad1 Ng5 15. f4 Ne6 16. e4 dxe4 17. Nxe4 Be7 18.
Bf2 Nd5 19. Qc1 Qc7 20. Kh1 Ndxf4 21. Nxf4 Qxf4 22. Be3 Qh4 23. Bb1 Nf8 24. Qc2 Be6 25. Rf4 Qh5 26. Rdf1 Bd5 27. Ng3 Qxh3+ 28. Kg1 Qxg3 29.
Bc1 Bg5 30. R4f2 Be3 31. Bxe3 Rxe3 32. Qc1 Rae8 33. Bf5 Re2 34. Bh3 Rxf2 35. Rxf2 Qe3 0-1

[Event "Late-Titled-Tuesday-Blitz-October-24-2023"]
[Site "Chess.com"]
[Date "2023.10.24"]
[Round "5"]
[White "KNVB"]
[Black "Cayse"]
[Result "0-1"]
[WhiteElo "2663"]
[BlackElo "2882"]
[TimeControl "180+1"]
[EndTime "14:55:07 PDT"]
[Termination "Cayse won by checkmate"]

1. d4 d5 2. Nc3 Nf6 3. Bf4 e6 4. Nb5 Na6 5. e3 Be7 6. Nf3 O-O 7. Ne5 Ne4 8. f3 Nd6 9. Nc3 Nb8 10. e4 Bg5 11. Qd2 Bxf4 12. Qxf4 f6 13. Nd3 dxe4 14. fxe4 Nc6 15. Qf2 e5 16. d5 Nd4 17. O-O-O Bg4 18. Re1 c6 19. h3 Bd7 20. g4 Rc8 21. Bg2 cxd5 22. exd5 N6b5 23. Qd2 Qa5 24. d6 Rxc3 25. bxc3 Qa3+ 26. Nb2 Nxc3 27. Re3 Rc8 28. Bd5+ Kh8 29. Bb3 Nxb3+ 30. cxb3 Nd5+ 31. Kb1 Nxe3 32. Qxe3 Qxd6 33. Rd1 Qc6 34. Qxa7 Qc2+ 35. Ka1 Qc1+ 36. Rxc1 Rxc1# 0-1

[Event "Late-Titled-Tuesday-Blitz-October-24-2023"]
[Site "Chess.com"]
[Date "2023.10.24"]
[Round "5"]
[White "Roedor"]
[Black "sari07"]
[Result "1-0"]
[WhiteElo "2442"]
[BlackElo "2260"]
[TimeControl "180+1"]
[EndTime "14:55:09 PDT"]
[Termination "Roedor won on time"]

1. c4 Nf6 2. g3 g6 3. Bg2 Bg7 4. Nc3 O-O 5. Nf3 c5 6. O-O Nc6 7. d4 cxd4 8. Nxd4 d6 9. Nc2 Bd7 10. Bd2 a6 11. Rc1 Rb8 12. a4 Ne5 13. Ne3 Bc6 14.
Ncd5 e6 15. Nxf6+ Qxf6 16. b4 Bxg2 17. Kxg2 Rbc8 18. Qb3 Rfd8 19. Bc3 Qe7 20. Bb2 h5 21. Rfd1 h4 22. f4 Nc6 23. Bxg7 Kxg7 24. b5 Nb8 25. Ng4 Rh8 26. Qb2+ f6 27. Rxd6 hxg3 28. hxg3 Nd7 29. Rxd7 Qxd7 30. Qxf6+ Kg8 31. Qxg6+ Kf8 32. Ne5 Qe7 33.
Rd1 Rc7 34. b6 Rg8 35. bxc7 1-0

[Event "Late-Titled-Tuesday-Blitz-October-24-2023"]
[Site "Chess.com"]
[Date "2023.10.24"]
[Round "5"]
[White "carloseduar100"]
[Black "GlavkonVVS"]
[Result "0-1"]
[WhiteElo "2297"]
[BlackElo "2526"]
[TimeControl "180+1"]
[EndTime "14:55:11 PDT"]
[Termination "GlavkonVVS won on time"]

1. e4 c5 2. Nf3 d6 3. Nc3 Nc6 4. g3 g6 5. Bg2 Bg7 6. O-O e6 7. d3 Nge7 8. Bg5 h6 9. Be3 O-O 10. Qd2 g5 11. h4 g4 12. Bxh6 gxf3 13. Bxf3 Nd4 14. Bg2 f5 15. Qg5 Rf7 16. Rae1 Qf8 17. exf5 Nexf5 18. Bxg7 Rxg7 19. Qd2 Bd7 20. Ne4 Nxh4 21.
Ng5 Nxg2 22. Kxg2 Qf5 23. f4 Bc6+ 24. Kf2 Rxg5 25. c3 Nb5 26. Rxe6 Qxe6 27. fxg5 Rf8+ 28. Kg1 Rxf1+ 29. Kxf1 Qh3+ 30. Ke1 Qh1+ 31. Ke2 Qf3+ 32. Ke1 Qxg3+ 33. Kd1 Qg1+ 34. Kc2 Qg2 35. a4 Nc7 36. a5 Ne6 0-1

[Event "Late-Titled-Tuesday-Blitz-October-24-2023"]
[Site "Chess.com"]
[Date "2023.10.24"]
[Round "5"]
[White "sergeikim"]
[Black "stasOR4ik"]
[Result "1-0"]
[WhiteElo "2598"]
[BlackElo "2391"]
[TimeControl "180+1"]
[EndTime "14:55:12 PDT"]
[Termination "sergeikim won on time"]

1. d4 d5 2. c4 Nf6 3. Nc3 c6 4. e3 e6 5. Nf3 Nbd7 6. Bd3 Bd6 7. O-O O-O 8. e4 dxe4 9. Nxe4 Nxe4 10. Bxe4 e5 11.
Bg5 f6 12. Bh4 exd4 13. Qxd4 Ne5 14. Rad1 Nxf3+ 15. Bxf3 Bc7 16. Qc3 Qe7 17. Rfe1 Be5 18. Qc2 Qb4 19. b3 a5 20. Be4 h6 21. Qe2 Qc5 22.
Bc2 Re8 23. Qd3 f5 24. Bg3 b5 25. cxb5 cxb5 26. Qf3 Qxc2 27. Qxa8 1-0

[Event "Late-Titled-Tuesday-Blitz-October-24-2023"]
[Site "Chess.com"]
[Date "2023.10.24"]
[Round "5"]
[White "Chessbard1972"]
[Black "Hoshka"]
[Result "1-0"]
[WhiteElo "2351"]
[BlackElo "2064"]
[TimeControl "180+1"]
[EndTime "14:55:13 PDT"]
[Termination "Chessbard1972 won on time"]

1. d4 d5 2. c4 dxc4 3. e4 b5 4.
a4 c6 5. Nf3 e6 6. Be2 Nf6 7. Nbd2 Bb4 8. e5 Ne4 9. O-O Nxd2 10.
Bxd2 Bxd2 11. Qxd2 O-O 12. Ng5 h6 13. Ne4 Nd7 14. Ra3 f5 15. Nd6 Nb6 16. Bf3 Nd5 17. axb5 cxb5 18. Nxb5 Bb7 19. Nd6 Bc6 20. Nxc4 Bb5 21.
Rc1 Bxc4 22. Rxc4 g5 23. h3 Qd7 24. Ra1 Rab8 25. Rca4 Rb7 26. b4 Rfb8 27. Bxd5 Qxd5 28. h4 f4 29. hxg5 hxg5 30. Qd3 Kg7 31. Rxa7 Kh6 32. Rxb7 Rxb7 33. Rb1 Rb5 34. Qh3+ Kg6 35. Qd3+ Kh6 36. f3 Qb7 37. Kf2 Rxb4 38. Rh1+ Kg7 39. Rh7+ Kf8 40. Rxb7 Rxb7 41. Qg6 Rg7 42. Qxe6 1-0

[Event "Late-Titled-Tuesday-Blitz-October-24-2023"]
[Site "Chess.com"]
[Date "2023.10.24"]
[Round "5"]
[White "Lennis93"]
[Black "igorkovalenko"]
[Result "0-1"]
[WhiteElo "2770"]
[BlackElo "2941"]
[TimeControl "180+1"]
[EndTime "14:55:21 PDT"]
[Termination "igorkovalenko won on time"]

1. e4 c5 2. Nf3 e6 3. b3 b6 4. Bd3 Bb7 5. O-O Nc6 6. Re1 Nf6 7. e5 Nd5 8. Be4 Be7 9. Bxd5 exd5 10. Nc3 d4 11.
Ne4 O-O 12. c3 d5 13. Ng3 d3 14. Ba3 Re8 15. Qb1 c4 16. Bxe7 Rxe7 17. bxc4 dxc4 18. Nf5 Re6 19. Qb5 Na5 20. N3d4 Rg6 21. Ng3 a6 22. Qb4 h5 23. h4 Qxh4 24. Ndf5 Qg5 25. Ne7+ Kh7 26.
Nxg6 Qxg6 27. Qd6 Qxd6 28. exd6 Rd8 29. Re7 Kg6 30. d7 Nc6 31. Re4 b5 32. Rae1 Rxd7 33.
Rf4 f6 34. Re8 Ne7 35. Rh8 Kg5 0-1